Map: Ulrena

Players

Kermit - Winner!

  • Race: Zerg Zerg
  • League: Platinum

Zera

  • Race: Zerg Zerg
  • League: Platinum

VOD

Have the link to the VOD?

Description

Time

  • Played on: Nov. 14, 2015, 9:23 p.m.
  • Length: 5:38
Show
View Real Time Build Order
Export as new Build Order

Kermit Zerg - Winner!

Build Orders: Pool First 

Get SALT Encoding   

  12  0:00  Drone  
  13  0:12  Overlord  
  13  0:17  Drone  
  14  0:31  Drone x2  
  14  0:34  Drone  
  17  0:47  Spawning Pool  
  17  0:49  Drone  
  17  0:56  Drone  
  18  1:19  Drone x2  
  18  1:21  Extractor  
  19  1:26  Hatchery  
  19  1:30  Drone  
  19  1:35  Queen  
  21  1:44  Overlord  
  21  1:53  Drone  
  22  2:05  Zergling x2  
  23  2:11  Drone  
  23  2:14  Queen  
  26  2:21  Drone  
  27  2:35  Drone  
  28  2:38  Queen  
  28  2:40  Drone  
  31  2:48  Drone x4  
  36  2:51  Zergling x2  
  35  3:08  Metabolic Boost  
  35  3:09  Spine Crawler  
  34  3:13  Overlord, Baneling Nest  
  33  3:23  Zergling x8  
  36  3:33  Zergling x2  
  36  3:34  Zergling x4  
  31  3:52  Queen  
  33  3:58  Zergling x6  
  33  3:59  Zergling x4  
  33  4:01  Baneling x5  
  36  4:12  Drone  
  36  4:13  Drone x3  
  36  4:14  Zergling x2  
  36  4:15  Zergling x2  
  42  4:21  Roach Warren  
  40  4:46  Drone  
  40  4:47  Drone x2  
  40  4:52  Drone  
  43  4:53  Overlord x2  
  43  5:02  Baneling  
  43  5:03  Baneling x2  
  43  5:04  Baneling  
  43  5:06  Baneling x3  
Show
View Real Time Build Order
Export as new Build Order

Zera Zerg 

Build Orders: Hatch First 

Get SALT Encoding   

  12  0:01  Drone  
  13  0:13  Drone  
  14  0:18  Overlord  
  14  0:21  Extractor  
  14  0:24  Drone  
  15  0:53  Hatchery  
  14  0:57  Drone, Extractor  
  14  1:04  Drone  
  15  1:17  Spawning Pool  
  14  1:21  Drone  
  15  1:27  Drone  
  16  1:34  Drone  
  16  1:36  Drone  
  18  1:48  Overlord  
  17  1:56  Drone  
  18  2:07  Queen  
  20  2:11  Metabolic Boost  
  20  2:16  Zergling x2  
  21  2:26  Queen  
  21  2:28  Drone  
  24  2:40  Overlord  
  24  2:43  Zergling x2  
  24  2:44  Zergling x4  
  27  2:49  Zergling x2  
  28  2:57  Zergling x2  
  28  3:06  Zergling x2  
  28  3:07  Zergling x4  
  31  3:13  Zergling x2  
  31  3:19  Zergling x4  
  33  3:24  Zergling x6  
  36  3:30  Baneling Nest  
  36  3:31  Zergling x2  
  36  3:33  Zergling x2  
  37  3:37  Zergling x4  
  37  3:39  Zergling x2  
  39  3:43  Zergling x2  
  39  3:47  Zergling x2  
  37  3:51  Zergling x2  
  37  3:55  Zergling x2  
  38  3:57  Zergling x2  
  38  4:01  Drone  
  38  4:05  Drone  
  38  4:08  Drone  
  40  4:16  Baneling x5  
  40  4:23  Drone  
  28  4:39  Zergling x4  
  28  4:40  Drone x2  
  28  4:45  Drone  
  33  4:46  Roach Warren  
  33  4:47  Drone  
  33  4:50  Drone  
  32  4:53  Drone  
  32  4:58  Zergling x2  
  34  5:03  Zergling x4  
  32  5:15  Zergling x2  
Tags
 
Add a new tag
Caveats
  • Supply blocks, unpowered buildings, or Contaminate may cause inaccurate times.
  • Supply counts are checked every 10 seconds.